 Dungeon Sprint DCSS version 0.31-a0-339-gda1cbd555d (webtiles) character file.

Game seed: 4606091612856641047

21400000 Monkooky the Axe Maniac (level 27, -14/228 HPs)
             Began as a Djinni Warper on July 20, 2023.
             Was the Champion of Makhleb.
             Demolished by a fleshlord
             ... wielding a +9 great mace
              (130 damage)
             ... in the Dungeon (Sprint VIII: "Arena of Blood").
             The game lasted 00:09:01 (214 turns).

Monkooky the Axe Maniac (Djinni Warper)              Turns: 214, Time: 00:09:02

Health: -14/228    AC:  6    Str: 10    XL:     27
Gold:   0          EV: 31    Int: 22    God:    Makhleb [******] SH:  0 Dex: 20

rFire   + + +        i - +∞ Axe of Woe
rCold   x . .        (shield currently unavailable)
rNeg    . . .        b - +0 leather armour
rPois   ∞            (no helmet)
rElec   .            (no cloak)
rCorr   .            (no gloves)
SInv    +            (boots unavailable)
Will    ++...        (no amulet)
Stlth   +++          j - ring of see invisible
HPRegen 0.58/turn    m - ring of protection from fire
MPRegen 0.00/turn

%: no teleportation, infuse magic (-15 HP)
@: confused, flying, hasted and slowed
A: sickness immunity, fire resistance 2, cold vulnerability 1, float, innate
caster, HP casting, extra vitality 1
a: Renounce Religion, Minor Destruction, Lesser Servant of Makhleb, Major
Destruction, Greater Servant of Makhleb


You were in the Dungeon.
You worshipped Makhleb.
Makhleb was exalted by your worship.
You visited 1 branch

Inventory:

Hand Weapons
 a - a +0 hand axe
 i - the +∞ Axe of Woe (weapon)
   (You found it in the Dungeon)
Missiles
 d - 7 boomerangs of dispersal
Armour
 b - a +0 leather armour (worn)
Jewellery
 j - a ring of see invisible (left hand)
 k - a +30 ring of slaying
 l - a +30 ring of slaying
 m - a ring of protection from fire (right hand)
Scrolls
 c - 2 scrolls of blinking
Potions
 f - a potion of heal wounds
 h - a potion of berserk rage


   Skills:
 O Level 27 Fighting
 O Level 27 Short Blades
 O Level 27 Long Blades
 O Level 27 Axes
 O Level 27 Maces & Flails
 O Level 27 Polearms
 O Level 27 Staves
 O Level 27 Ranged Weapons
 O Level 27 Throwing
 O Level 27 Armour
 O Level 27 Dodging
 O Level 27 Stealth
 O Level 27 Shields
 O Level 27 Unarmed Combat
 O Level 27 Spellcasting
 O Level 27 Conjurations
 O Level 27 Hexes
 O Level 27 Summonings
 O Level 27 Necromancy
 O Level 27 Translocations
 O Level 27 Transmutations
 O Level 27 Fire Magic
 O Level 27 Ice Magic
 O Level 27 Air Magic
 O Level 27 Earth Magic
 O Level 27 Poison Magic
 O Level 27 Invocations
 O Level 27 Evocations
 O Level 27 Shapeshifting


You knew the following spells:

 Your Spells              Type           Power      Damage    Failure   Level
a - Blink                 Tloc           100%       N/A       0%          2
b - Lesser Beckoning      Tloc           100%       N/A       0%          2
c - Vhi's Electric Charg  Tloc/Air       100%       N/A       0%          3
d - Teleport Other        Tloc           99%        N/A       0%          3
e - Manifold Assault      Tloc           99%        N/A       0%          4
f - Summon Small Mammal   Summ           100%       N/A       0%          1
g - Static Discharge      Conj/Air       100%       2-7/arc   0%          2
h - Momentum Strike       Conj/Tloc      100%       3d10      0%          2
i - Ignite Poison         Fire/Tmut/Pois 99%        N/A       0%          3
j - Lee's Rapid Deconstr  Erth           49%        3d23*     0%          5
k - Freezing Cloud        Conj/Ice/Air   49%        6-21      0%          5
l - Eringya's Noxious Bo  Tmut/Pois      49%        4d6       0%          6
m - Orb of Destruction    Conj           49%        9d13      0%          7
n - Plasma Beam           Fire/Air       49%        2x1d64    0%          6
o - Summon Hydra          Summ           49%        N/A       0%          7
p - Lehudib's Crystal Sp  Conj/Erth      49%        10d12     1%          8
q - Dragon's Call         Summ           49%        N/A       1%          9
r - Chain Lightning       Conj/Air       49%        3d66      1%          9
Your spell library was empty.

Dungeon Overview and Level Annotations

Branches:
Dungeon (1/1)

Altars:
Makhleb


Innate Abilities, Weirdness & Mutations

You are immune to sickness and miasma.
You are immune to poison.
Your flesh is very heat resistant. (rF++)
You are vulnerable to cold. (rC-)
You float through the air rather than walking.
You learn spells naturally, not from books.
Your magical power is your life essence.
You have superior vitality. (+4 MHP)


Message History

Makhleb accepts your kill.
You feel better.
You hit the dread but do no damage.
You cleave the dread in twain.
You destroy the dread!
Makhleb accepts your kill.
You slice one of the eight-headed meat hydra's heads off!
The seven-headed meat hydra grows two more!
You slash the nine-headed meat hydra!
You butcher the nine-headed meat hydra messily.
You kill the nine-headed meat hydra!
Makhleb accepts your kill.
You hear a shout!
You hear an angry hiss.
You are confused.
A vile comes into view. It is wielding a +0 mace.
Unknown command.
You're too confused to cast spells.
Unknown command.
You're too confused to attack without stumbling around!
A fleshlord, a scourge and a wretched soul come into view.
The fleshlord appears out of thin air!
A fleshlord comes into view. It is wielding a +9 great mace.
The vile appears out of thin air!
A vile comes into view. It is wielding a +0 morningstar.
The scourge hisses angrily.
You are more confused.
You hear a shout!
The eight-headed meat hydra calls on the powers of darkness!
The eight-headed meat hydra convulses!
The fleshlord convulses! x2
The fleshlord shouts!
Your body is wracked with pain!
The scourge is engulfed in blazing flames.
The scourge breathes poison at you.
An eight-headed meat hydra comes into view.
Unknown command.
Unknown command.
A scourge comes into view.
You hear a shout!
The fleshlord hits you with a +9 great mace!!!!
Ouch! That really hurt!
You die...

### ####.. . ####.... ..
####.)†... .##
###......p. ..W.
........D.###.)...
....D...†..#p§V).†...
#..†......W.).@○.°....
#..........)..9.☼○☼)..
#....)..###...#☼§○☼§§§
#...).###.)..).#☼..§)§
#....#....9...).)))§)p
#...))...#)9).)))..)§S..
..
#.)).))D..#..)...))#†..
.#
#.)).)......)#..)).#.S.
..#
#.))))..).#.))).)###..)
..###.


You could see 2 eight-headed meat hydras, a destroyer, 2 scourges, 3 fleshlords,
3 viles and 2 wretched souls.

Vanquished Creatures
  2 molten gargoyles (D)
  30 hell knights (D)
  Sigmund (D)
  9 hell beasts (D)
  Edmund (D)
  13 royal mummies (D)
  14 great orbs of eyes (D)
  14 wraiths (D)
  19 vampire knights (D)
  61 ogres (D)
  12 two-headed ogres (D)
  9 liches (D)
  19 hydras (D)
  19 phantoms (D)
  111 orcs (D)
  14 skeletal warriors (D)
  20 sea snakes (D)
368 creatures vanquished.

Notes
Turn   | Place    | Note
-------+----------+-------------------------------------------
     0 | D        | Found the +∞ Axe of Woe
     0 | D        | Monkooky the Djinni Warper began the quest for the Orb.
     0 | D        | Monkooky set off with the following spells memorised:
                  | Blink, Lesser Beckoning, Vhi's Electric Charge, Teleport
                  | Other, Manifold Assault.
     0 | D        | Reached XP level 1. HP: 18/18 MP: 0/0
     2 | D        | Noticed a bag of meat
     4 | D        | Became a worshipper of Makhleb the Destroyer
     5 | D        | Noticed a bag of meat
     5 | D        | Noticed a bag of meat
     6 | D        | Noticed a meat berserker
     8 | D        | Killed a bag of meat
     8 | D        | Noticed a bag of meat
     8 | D        | Noticed a bag of meat
     8 | D        | Noticed a bag of meat
     9 | D        | Reached XP level 2. HP: 23/23 MP: 0/0
     9 | D        | Reached XP level 3. HP: 28/28 MP: 0/0
     9 | D        | Learned a level 1 spell: Summon Small Mammal
     9 | D        | Reached XP level 4. HP: 33/33 MP: 0/0
     9 | D        | Reached XP level 5. HP: 38/38 MP: 0/0
     9 | D        | Learned a level 2 spell: Static Discharge
     9 | D        | Reached XP level 6. HP: 43/43 MP: 0/0
     9 | D        | Reached XP level 7. HP: 49/49 MP: 0/0
     9 | D        | Learned a level 2 spell: Momentum Strike
     9 | D        | Reached XP level 8. HP: 54/54 MP: 0/0
     9 | D        | Reached XP level 9. HP: 58/58 MP: 0/0
     9 | D        | Learned a level 3 spell: Ignite Poison
     9 | D        | Reached XP level 10. HP: 64/64 MP: 0/0
     9 | D        | Reached XP level 11. HP: 68/68 MP: 0/0
     9 | D        | Learned a level 5 spell: Lee's Rapid Deconstruction
     9 | D        | Killed a bag of meat
     9 | D        | Reached * piety under Makhleb
     9 | D        | Noticed a meat berserker
     9 | D        | Noticed a bag of meat
    10 | D        | Reached XP level 12. HP: 74/74 MP: 0/0
    10 | D        | Killed a bag of meat
    11 | D        | Reached XP level 13. HP: 78/78 MP: 0/0
    11 | D        | Learned a level 5 spell: Freezing Cloud
    11 | D        | Noticed a bag of meat
    12 | D        | Noticed a bag of meat
    12 | D        | Killed a meat berserker
    12 | D        | Noticed a bag of meat
    13 | D        | Reached skill level 27 in Axes
    13 | D        | Reached XP level 14. HP: 85/85 MP: 0/0
    13 | D        | Noticed a meat berserker
    13 | D        | Noticed a bag of meat
    13 | D        | Killed a bag of meat
    13 | D        | Reached ** piety under Makhleb
    13 | D        | Killed a bag of meat
    14 | D        | Killed a meat berserker
    14 | D        | Killed a bag of meat
    14 | D        | Reached *** piety under Makhleb
    14 | D        | Killed a meat berserker
    15 | D        | Reached XP level 15. HP: 89/89 MP: 0/0
    15 | D        | Learned a level 6 spell: Eringya's Noxious Bog
    15 | D        | Reached XP level 16. HP: 94/94 MP: 0/0
    16 | D        | Reached **** piety under Makhleb
    16 | D        | Reached ***** piety under Makhleb
    16 | D        | Noticed a meat berserker
    17 | D        | Reached skill level 27 in Spellcasting
    17 | D        | Reached skill level 27 in Conjurations
    17 | D        | Reached skill level 27 in Hexes
    17 | D        | Reached skill level 27 in Summonings
    17 | D        | Reached skill level 27 in Necromancy
    17 | D        | Reached skill level 27 in Translocations
    17 | D        | Reached skill level 27 in Transmutations
    17 | D        | Reached skill level 27 in Fire Magic
    17 | D        | Reached skill level 27 in Ice Magic
    17 | D        | Reached skill level 27 in Air Magic
    17 | D        | Reached skill level 27 in Earth Magic
    17 | D        | Reached skill level 27 in Poison Magic
    17 | D        | Reached skill level 10 in Dodging
    17 | D        | Reached XP level 17. HP: 117/117 MP: 0/0
    17 | D        | Learned a level 7 spell: Orb of Destruction
    17 | D        | Killed a meat berserker
    18 | D        | Reached skill level 15 in Fighting
    18 | D        | Reached skill level 5 in Armour
    18 | D        | Noticed a meat berserker
    20 | D        | Noticed a meat berserker
    21 | D        | Killed a meat berserker
    21 | D        | Killed a meat berserker
    22 | D        | Reached XP level 18. HP: 157/157 MP: 0/0
    22 | D        | Noticed a destroyer
    22 | D        | Noticed a meat berserker
    23 | D        | Killed a destroyer
    23 | D        | Killed a meat berserker
    23 | D        | Reached ****** piety under Makhleb
    23 | D        | Noticed a meat berserker
    23 | D        | Noticed a meat berserker
    24 | D        | Reached skill level 27 in Fighting
    24 | D        | Reached skill level 27 in Dodging
    24 | D        | Reached XP level 19. HP: 174/174 MP: 0/0
    24 | D        | Learned a level 6 spell: Plasma Beam
    25 | D        | Killed a meat berserker
    25 | D        | Killed a meat berserker
    26 | D        | Reached skill level 27 in Armour
    26 | D        | Reached XP level 20. HP: 181/181 MP: 0/0
    26 | D        | Noticed a meat berserker
    27 | D        | Reached XP level 21. HP: 187/187 MP: 0/0
    27 | D        | Learned a level 7 spell: Summon Hydra
    27 | D        | Noticed a meat berserker
    27 | D        | Noticed a large bag of meat
    27 | D        | Noticed a meat berserker
    27 | D        | Noticed a large bag of meat
    28 | D        | Noticed a meat berserker
    28 | D        | Killed a meat berserker
    28 | D        | Noticed a destroyer
    29 | D        | Reached skill level 27 in Throwing
    29 | D        | Killed a meat berserker
    29 | D        | Noticed a destroyer
    30 | D        | Reached skill level 10 in Maces & Flails
    30 | D        | Reached skill level 10 in Polearms
    30 | D        | Reached skill level 10 in Stealth
    30 | D        | Reached XP level 22. HP: 194/194 MP: 0/0
    30 | D        | Killed a large bag of meat
    30 | D        | Noticed a meat berserker
    31 | D        | Reached skill level 15 in Unarmed Combat
    31 | D        | Reached skill level 15 in Invocations
    31 | D        | Killed a meat berserker
    31 | D        | Killed a destroyer
    31 | D        | Noticed a destroyer
    32 | D        | Reached skill level 15 in Maces & Flails
    32 | D        | Reached skill level 15 in Polearms
    32 | D        | Reached XP level 23. HP: 201/201 MP: 0/0
    32 | D        | Learned a level 8 spell: Lehudib's Crystal Spear
    32 | D        | Killed a destroyer
    33 | D        | Killed a large bag of meat
    34 | D        | Reached XP level 24. HP: 208/208 MP: 0/0
    35 | D        | Killed a destroyer
    36 | D        | Noticed a destroyer
    36 | D        | Killed a destroyer
    36 | D        | Noticed a large bag of meat
    37 | D        | Reached skill level 27 in Stealth
    37 | D        | Reached XP level 25. HP: 214/214 MP: 0/0
    37 | D        | Learned a level 9 spell: Dragon's Call
    37 | D        | Killed a large bag of meat
    38 | D        | Reached skill level 27 in Unarmed Combat
    38 | D        | Reached skill level 27 in Invocations
    38 | D        | Noticed a destroyer
    39 | D        | Killed a destroyer
    40 | D        | Reached skill level 27 in Maces & Flails
    40 | D        | Reached skill level 27 in Polearms
    40 | D        | Reached skill level 10 in Shields
    40 | D        | Reached XP level 26. HP: 221/221 MP: 0/0
    40 | D        | Noticed a destroyer
    41 | D        | Killed a destroyer
    42 | D        | Noticed a destroyer
    43 | D        | Reached skill level 15 in Shields
    43 | D        | Killed a destroyer
    43 | D        | Noticed a large bag of meat
    44 | D        | Reached skill level 15 in Ranged Weapons
    46 | D        | Noticed a tyrant
    46 | D        | Noticed an accursed
    46 | D        | Killed a tyrant
    47 | D        | Reached XP level 27. HP: 228/228 MP: 0/0
    47 | D        | Learned a level 9 spell: Chain Lightning
    47 | D        | Killed a large bag of meat
    47 | D        | Killed an accursed
    57 | D        | Noticed a destroyer
    57 | D        | Noticed a tyrant
    58 | D        | Killed a tyrant
    60 | D        | Noticed a meat beast
    65 | D        | Killed a destroyer
    66 | D        | Reached skill level 27 in Shields
    66 | D        | Noticed a meat beast
    66 | D        | Killed a meat beast
    67 | D        | Reached skill level 27 in Short Blades
    67 | D        | Reached skill level 27 in Long Blades
    67 | D        | Reached skill level 27 in Staves
    67 | D        | Reached skill level 27 in Ranged Weapons
    70 | D        | Noticed a meat beast
    70 | D        | Noticed a tyrant
    71 | D        | Noticed a large bag of meat
    71 | D        | Noticed a large bag of meat
    72 | D        | Reached skill level 27 in Shapeshifting
    72 | D        | Killed a large bag of meat
    72 | D        | Killed a meat beast
    73 | D        | Reached skill level 27 in Evocations
    73 | D        | Killed a tyrant
    74 | D        | Killed a meat beast
    76 | D        | Noticed a meat beast
    81 | D        | Killed a meat beast
    83 | D        | Killed a large bag of meat
    83 | D        | Noticed a tyrant
    84 | D        | Killed a tyrant
    86 | D        | Noticed a tyrant
    87 | D        | Killed a tyrant
    88 | D        | Noticed an accursed
    88 | D        | Noticed a meat beast
    89 | D        | Killed a meat beast
    89 | D        | Killed an accursed
    94 | D        | Noticed a large bag of meat
    95 | D        | Killed a large bag of meat
    99 | D        | Noticed The Defiler
    99 | D        | Killed The Defiler
   103 | D        | Noticed a tyrant
   104 | D        | Killed a tyrant
   105 | D        | Noticed a tyrant
   106 | D        | Killed a tyrant
   112 | D        | Noticed an accursed
   113 | D        | Killed an accursed
   115 | D        | Noticed a dread
   116 | D        | Killed a dread
   118 | D        | Noticed a fleshlord
   118 | D        | Noticed a dread
   118 | D        | Noticed an accursed
   119 | D        | Noticed a fleshlord
   119 | D        | Killed an accursed
   119 | D        | Killed a fleshlord
   119 | D        | Killed a fleshlord
   120 | D        | Killed a dread
   121 | D        | Noticed a dread
   121 | D        | Noticed an accursed
   122 | D        | Noticed a destroyer
   122 | D        | Killed an accursed
   123 | D        | Noticed an accursed
   124 | D        | Noticed a tyrant
   124 | D        | Noticed a destroyer
   125 | D        | Noticed a fleshlord
   125 | D        | Killed a destroyer
   125 | D        | Killed a tyrant
   125 | D        | Killed a fleshlord
   126 | D        | Killed an accursed
   126 | D        | Noticed an accursed
   126 | D        | Noticed a fleshlord
   127 | D        | Killed a fleshlord
   127 | D        | Killed a destroyer
   127 | D        | Killed an accursed
   130 | D        | Noticed a fleshlord
   130 | D        | Noticed a fleshlord
   131 | D        | Killed a fleshlord
   131 | D        | Killed a fleshlord
   131 | D        | Noticed a fleshlord
   131 | D        | Noticed a fleshlord
   132 | D        | Killed a fleshlord
   132 | D        | Killed a fleshlord
   133 | D        | Killed a dread
   138 | D        | Noticed a dread
   138 | D        | Killed a dread
   142 | D        | Noticed an accursed
   142 | D        | Noticed a fleshlord
   143 | D        | Killed an accursed
   143 | D        | Killed a fleshlord
   143 | D        | Noticed a dread
   144 | D        | Killed a dread
   146 | D        | Noticed The Captor
   147 | D        | Noticed a dread
   148 | D        | Killed The Captor
   148 | D        | Killed a dread
   151 | D        | Noticed a fleshlord
   152 | D        | Killed a fleshlord
   152 | D        | Noticed a destroyer
   153 | D        | Killed a destroyer
   153 | D        | Noticed a meat beast
   153 | D        | Noticed a fleshlord
   154 | D        | Killed a meat beast
   154 | D        | Killed a fleshlord
   154 | D        | Noticed a fleshlord
   155 | D        | Killed a fleshlord
   156 | D        | Noticed a destroyer
   156 | D        | Noticed a destroyer
   157 | D        | Killed a destroyer
   157 | D        | Killed a destroyer
   159 | D        | Noticed an accursed
   159 | D        | Noticed a dread
   160 | D        | Killed a dread
   160 | D        | Noticed a meat beast
   160 | D        | Noticed a destroyer
   161 | D        | Killed an accursed
   161 | D        | Killed a destroyer
   161 | D        | Noticed a fleshlord
   161 | D        | Noticed an accursed
   162 | D        | Killed a meat beast
   163 | D        | Killed a fleshlord
   163 | D        | Killed an accursed
   163 | D        | Noticed an accursed
   163 | D        | Noticed a fleshlord
   163 | D        | Noticed a large bag of meat
   164 | D        | Killed an accursed
   164 | D        | Killed a fleshlord
   165 | D        | Killed a large bag of meat
   165 | D        | Noticed a dread
   165 | D        | Noticed a fleshlord
   166 | D        | Killed a dread
   166 | D        | Killed a fleshlord
   166 | D        | Noticed a large bag of meat
   167 | D        | Noticed a fleshlord
   168 | D        | Killed a fleshlord
   168 | D        | Killed a large bag of meat
   172 | D        | Noticed a dread
   172 | D        | Killed a dread
   172 | D        | Noticed a fleshlord
   173 | D        | Killed a fleshlord
   176 | D        | Noticed a destroyer
   176 | D        | Noticed a large bag of meat
   177 | D        | Killed a large bag of meat
   178 | D        | Killed a destroyer
   178 | D        | Noticed a fleshlord
   179 | D        | Killed a fleshlord
   179 | D        | Noticed a fleshlord
   180 | D        | Killed a fleshlord
   182 | D        | Noticed a destroyer
   182 | D        | Noticed a fleshlord
   182 | D        | Noticed a dread
   182 | D        | Noticed a meat beast
   182 | D        | Noticed a meat beast
   183 | D        | Killed a fleshlord
   183 | D        | Killed a meat beast
   183 | D        | Noticed a destroyer
   184 | D        | Killed a destroyer
   184 | D        | Killed a dread
   185 | D        | Noticed a dread
   186 | D        | Killed a dread
   186 | D        | Killed a meat beast
   187 | D        | Noticed a destroyer
   188 | D        | Killed a destroyer
   189 | D        | Noticed a fleshlord
   189 | D        | Killed a fleshlord
   190 | D        | Noticed a fleshlord
   191 | D        | Killed a fleshlord
   194 | D        | Noticed a fleshlord
   194 | D        | Killed a fleshlord
   195 | D        | Noticed a dread
   196 | D        | Noticed a fleshlord
   196 | D        | Killed a dread
   196 | D        | Killed a fleshlord
   196 | D        | Killed a destroyer
   201 | D        | Noticed a vile
   201 | D        | Killed a vile
   203 | D        | Noticed a fleshlord
   203 | D        | Noticed a dread
   203 | D        | Noticed a dread
   203 | D        | Noticed a fleshlord
   203 | D        | Noticed a fleshlord
   203 | D        | Noticed a fleshlord
   203 | D        | Noticed a fleshlord
   203 | D        | Noticed a fleshlord
   204 | D        | Killed a dread
   204 | D        | Noticed an accursed
   205 | D        | Noticed a vile
   205 | D        | Killed a fleshlord
   206 | D        | Noticed a tyrant
   207 | D        | Killed a fleshlord
   207 | D        | Killed a fleshlord
   207 | D        | Killed a tyrant
   207 | D        | Killed a fleshlord
   207 | D        | Noticed a destroyer
   208 | D        | Noticed an accursed
   208 | D        | Noticed a vile
   209 | D        | Killed a fleshlord
   209 | D        | Killed a vile
   209 | D        | Noticed a large bag of meat
   209 | D        | Noticed a large bag of meat
   209 | D        | Noticed a fleshlord
   210 | D        | Killed an accursed
   210 | D        | Killed a fleshlord
   211 | D        | Killed a large bag of meat
   211 | D        | Killed a large bag of meat
   211 | D        | Killed an accursed
   212 | D        | Killed a dread
   212 | D        | Noticed a vile
   213 | D        | Noticed a fleshlord
   213 | D        | Noticed a fleshlord
   214 | D        | Noticed a vile
   214 | D        | Demolished by a fleshlord

Illustrated notes

Levels and vault maps discovered:
D:        meatsprint

Skill      XL: |  1  2  3  4  5  6  7  8  9 10 11 12 13 14 15 16 17 18 19 20 21 22 23 24 25 26 27 |
---------------+----------------------------------------------------------------------------------+-----
Axes           | 21 24 26 27 | 27.0
Spellcasting   | 11 23 27 | 27.0
Conjurations   | 11 23 27 | 27.0
Hexes          | 11 23 27 | 27.0
Summonings     | 11 23 27 | 27.0
Necromancy     | 11 23 27 | 27.0
Translocations | 11 23 27 | 27.0
Transmutations | 11 23 27 | 27.0
Fire Magic     | 11 23 27 | 27.0
Ice Magic      | 11 23 27 | 27.0
Air Magic      | 11 23 27 | 27.0
Earth Magic    | 11 23 27 | 27.0
Poison Magic   | 11 23 27 | 27.0
Fighting       | 9 22 27 | 27.0
Armour         | 2 7 20 27 | 27.0
Dodging        | 10 24 27 | 27.0
Throwing       | 16 21 27 | 27.0
Maces & Flails | 10 15 20 22 27 | 27.0
Polearms       | 10 15 20 22 27 | 27.0
Stealth        | 10 17 22 27 | 27.0
Unarmed Combat | 11 18 24 26 27 | 27.0
Invocations    | 11 18 24 26 27 | 27.0
Short Blades   | 9 17 27 | 27.0
Long Blades    | 9 17 27 | 27.0
Staves         | 9 17 27 | 27.0
Ranged Weapons | 8 16 27 | 27.0
Shields        | 10 18 27 | 27.0
Shapeshifting  | 7 14 27 | 27.0
Evocations     | 27 | 27.0

Action                     |  1- 3 |  4- 6 |  7- 9 | 10-12 | 13-15 | 16-18 | 19-21 | 22-24 | 25-27 || total
---------------------------+-------+-------+-------+-------+-------+-------+-------+-------+-------++-------
  Melee: Executioner's axe |     1 |       |       |     2 |     5 |    15 |    16 |    21 |   306 ||   366
   Cast: Manifold Assault  |       |       |       |       |     1 |     4 |     4 |     5 |   119 ||   133
         Vhi's Electric Ch |       |       |       |       |       |       |       |       |     2 ||     2
    Use: Potion            |       |       |       |       |       |       |       |       |     2 ||     2
   Stab: Distracted        |       |       |       |       |       |       |       |       |     1 ||     1
 Armour: Leather armour    |       |       |       |       |       |       |       |       |     2 ||     2
  Dodge: Dodged            |       |       |       |       |     1 |       |       |       |     3 ||     4

Table legend: (Time is in decaauts)
 A = Elapsed time spent in this place.
 B = Non-inter-level travel time spent in this place.
 C = Inter-level travel time spent in this place.
 D = Time resting spent in this place.
 E = Time spent auto-exploring this place.
 F = Levels seen in this place.
 G = Mean time per level.
                   A        B        C        D        E       F      G
               +--------+--------+--------+--------+--------+-----+--------+
         Total |    194 |    194 |      0 |      0 |      0 |   1 |  194.0 |
       Dungeon |    194 |    194 |      0 |      0 |      0 |   1 |  194.0 |
               +--------+--------+--------+--------+--------+-----+--------+

Top non-repeatable levels by time:
       D: 194 daAuts
